 Dungeon Crawl Stone Soup version 0.28-a0-445-g51f8dfeb47 (webtiles) character file.

Game seed: 9447701926749990545

2336 Dabor the Gusty (level 9, -22/62 HPs)
             Began as a Green Draconian Air Elementalist on Sept 13, 2021.
             Was a Believer of Fedhas.
             Annihilated by Harold (25 damage)
             ... on level 7 of the Dungeon.
             The game lasted 00:50:05 (9162 turns).

Dabor the Gusty (Green Draconian Air Elementalist)  Turns: 9162, Time: 00:50:06

Health: -22/62     AC: 10    Str: 12    XL:     9   Next: 19%
Magic:  1/25       EV:  7    Int: 18    God:    Fedhas [**....]
Gold:   278        SH:  0    Dex: 11    Spells: 8/18 levels left

rFire   . . .      SeeInvis .   n - staff of air
rCold   . . .      Faith    .   (no shield)
rNeg    . . .      Spirit   .   (armour unavailable)
rPois   +          Reflect  .   (helmet restricted)
rElec   +          Harm     .   u - +2 cloak
rCorr   +          Rampage  .   (no gloves)
Will    .....                   (no boots)
Stlth   ++........              (no amulet)
HPRegen 0.20/turn               c - ring of magical power
MPRegen 0.19/turn               h - ring of resist corrosion

@: short of breath, marked, held, studying Axes
A: breathe noxious fumes, AC +7, unfitting armour, poison resistance,
cold-blooded
a: Breathe Noxious Fumes, Renounce Religion, Wall of Briars


You were on level 7 of the Dungeon.
You worshipped Fedhas.
Fedhas was pleased with you.
You visited 1 branch of the dungeon, and saw 7 of its levels.
You also visited: Ossuary.

You collected 334 gold pieces.
You spent 56 gold pieces at shops.

Inventory:

Hand Weapons
 a - a +2 short sword of venom
 p - a +1 long sword of protection
Missiles
 i - 43 poisoned darts
 k - a throwing net
Armour
 u - a +2 cloak (worn)
Magical Staves
 n - a staff of air (weapon)
Jewellery
 c - a ring of magical power (left hand)
 f - a ring of protection from cold
 h - a ring of resist corrosion (right hand)
 s - a ring of protection from cold
Wands
 r - a wand of iceblast (10)
Scrolls
 b - a scroll of enchant armour
 g - 3 scrolls of identify
Potions
 d - 3 potions of heal wounds {unknown}
 e - 2 potions of attraction
 j - a potion of brilliance
 l - 2 potions of curing
 m - 2 potions of flight {unknown}
 q - 2 potions of mutation {unknown}
 t - a potion of lignification {unknown}


   Skills:
 + Level 5.1 Dodging
 - Level 3.1 Stealth
 + Level 5.2 Spellcasting
 + Level 5.4 Conjurations
 + Level 6.1 Air Magic
 + Level 4.9 Invocations
 + Level 2.1 Evocations


You had 8 spell levels left.
You knew the following spells:

 Your Spells              Type           Power      Damage    Failure   Level
a - Shock                 Conj/Air       100%       1d9       1%          1
b - Static Discharge      Conj/Air       38%        N/A       1%          2
c - Swiftness             Air            40%        N/A       3%          3
d - Airstrike             Air            20%        N/A       11%         4

Your spell library contained the following spells:

 Spells                   Type           Power      Damage    Failure   Level
 Conjure Flame            Conj/Fire      14%        6-21      13%         3
 Dazzling Flash           Conj/Hex       28%        N/A       13%         3
 Slow                     Hex            4%         N/A       21%         2
 Confusing Touch          Hex            4%         N/A       36%         3
 Gell's Gravitas          Tloc           2%         N/A       36%         3
 Ignite Poison            Fire/Tmut/Pois 4%         N/A       36%         3
 Lesser Beckoning         Tloc           4%         N/A       36%         3
 Teleport Other           Tloc           4%         N/A       36%         3
 Vampiric Draining        Necr           2%         2d6       36%         3
 Iskenderun's Mystic Bla  Conj/Tloc      14%        2d5       38%         4
 Sticky Flame             Conj/Fire      14%        2d4       38%         4
 Blade Hands              Tmut           2%         N/A       98%         5
 Iron Shot                Conj/Erth      7%         9d2       100%        6
 Starburst                Conj/Fire      7%         6d4       100%        6
 Animate Armour           Summ/Erth      Unusable   N/A       N/A         4

Dungeon Overview and Level Annotations

Branches:
Dungeon (7/15)             Temple (0/1) D:7         Ossuary (visited)

Altars:
Fedhas
Vehumet
Wu Jian

Shops:
D:2 *   D:4 (

Annotations:
D:7 exclusion: ice statue, Harold; flestrin's ghost, novice FoFi


Innate Abilities, Weirdness & Mutations

You can breathe blasts of noxious fumes.
Your lurid green scales are hard. (AC +7)
You cannot fit into any form of body armour.
Your system is resistant to poisons. (rPois)
You are cold-blooded and may be slowed by cold attacks.


Message History

Press: ? - help, Shift-Dir - straight line, f/p - Harold
Aim: Harold, wielding a +0 battleaxe, wearing a +0 chain mail and quivering a throwing net (almost dead, ally target, 88% to hit)
You feel a surge of power!
The zap misses Harold.
The zap hits Harold.
Harold is almost dead.
Harold hits you with a +0 battleaxe!!
Harold hits your briar patch with a +0 battleaxe!
Casting: Shock (safe; 1% risk of failure)
Confirm with . or Enter, or press ? or * to list all spells.
You feel a surge of power!
Fedhas protects your plant from harm. x2
The air crackles with electrical energy.
Harold hits you with a +0 battleaxe!
Harold hits your briar patch with a +0 battleaxe.
Casting: Static Discharge (safe; 1% risk of failure)
Confirm with . or Enter, or press ? or * to list all spells.
You feel a surge of power! Fedhas protects your plant from harm.
The air crackles with electrical energy.
Harold hits you but does no damage.
Harold hits your briar patch with a +0 battleaxe!
Your briar patch is destroyed!
Your briar patch disappears in a puff of smoke!
Casting: Static Discharge (safe; 1% risk of failure)
Confirm with . or Enter, or press ? or * to list all spells.
You feel a surge of power!
Fedhas protects your plant from harm. x2
A blue arc grounds itself harmlessly.
Harold hits you with a +0 battleaxe!
* * * LOW HITPOINT WARNING * * *
You are too injured to fight recklessly!
Press: ? - help, Shift-Dir - straight line, f/p - Harold
Aim: Harold, wielding a +0 battleaxe, wearing a +0 chain mail and quivering a throwing net (almost dead, ally target)
You exhale a blast of noxious fumes.
The blast of choking fumes misses Harold.
Harold is engulfed in noxious fumes.
Harold hits you with a +0 battleaxe!
* * * LOW HITPOINT WARNING * * *
As you read the scroll of fear, it crumbles to dust.
You assume a fearsome visage.
Harold resists with almost no effort.
Harold is engulfed in noxious fumes.
Harold hits you with a +0 battleaxe!!
You die...
Fedhas appreciates your contribution to the ecosystem.

.....# #...........
.....# #...........
....[# .........
....## ....... .....#
....# .....# #..#
.....# ##.#
....######## #@.#
...##......# #@.#
...........# #PP#
.####......## #..# ##
#.......####.##### ##
#...............(#
.####......#.........#
....#................#
..#.........#........#
#...........#.<......#


You could see Harold (ally target).

Vanquished Creatures
  An orc warrior (D:6)
  3 sky beasts
  An ice beast (D:7)
  A hornet zombie (D:5)
  A black bear (D:5)
  A necrophage (D:4)
  3 ogres
  A centaur (D:5)
  2 scorpions
  A wyvern skeleton (D:5)
  2 elf skeletons (D:4)
  A howler monkey (D:4)
  6 hounds
  2 human zombies (D:4)
  A jelly (D:6)
  3 orc priests
  Crazy Yiuf (D:7)
  A bullfrog skeleton (D:5)
  2 centaur skeletons
  3 iguanas
  An orc wizard (D:6)
  12 adders
  13 gnolls
  A howler monkey skeleton (D:5)
  A white imp (D:5)
  An ufetubus (D:5)
  2 adder skeletons
  A worm (D:2)
  A dart slug (D:3)
  17 orcs
  6 ball pythons
  4 bats
  8 endoplasms
  5 giant cockroaches
  8 goblins
  5 hobgoblins
  4 jackals (D:2)
  3 quokkas
  5 frilled lizards
  A jackal skeleton (D:4)
  6 kobolds
  An orc skeleton (D:4)
  An orc zombie (D:4)
  10 rats
154 creatures vanquished.

Vanquished Creatures (collateral kills)
  2 ballistomycete spores (D:6)
2 creatures vanquished.

Vanquished Creatures (others)
  20 plants
20 creatures vanquished.

Grand Total: 176 creatures vanquished

Notes
Turn   | Place    | Note
-------+----------+-------------------------------------------
     0 | D:1      | Dabor the Draconian Air Elementalist began the quest for
                  | the Orb.
     0 | D:1      | Reached XP level 1. HP: 14/14 MP: 3/3
   275 | D:1      | Reached XP level 2. HP: 20/20 MP: 5/5
   788 | D:1      | Found a faded altar of an unknown god.
  1364 | D:2      | Reached XP level 3. HP: 20/26 MP: 3/6
  1552 | D:2      | Found a blossoming altar of Fedhas.
  1569 | D:2      | Became a worshipper of Fedhas Madash
  2028 | D:2      | Reached XP level 4. HP: 31/33 MP: 5/7
  2126 | D:2      | Found Joack's Assorted Antiques.
  2129 | D:2      | Bought a scroll labelled DUUBBO BUTUWNI for 28 gold pieces
  2132 | D:2      | Bought a scroll labelled QUNWA JUIMN for 28 gold pieces
  2224 | D:2      | Reached * piety under Fedhas
  2875 | D:3      | Learned a level 2 spell: Static Discharge
  3054 | D:3      | Reached XP level 5. HP: 38/38 MP: 9/9
  3274 | D:3      | Reached ** piety under Fedhas
  3738 | D:4      | Found Hiomue's Antique Weapon Emporium.
  3766 | D:4      | Noticed an ogre
  3783 | D:4      | Killed an ogre
  3784 | D:4      | Reached skill level 4 in Air Magic
  3784 | D:4      | Reached XP level 6. HP: 45/45 MP: 10/10
  3837 | D:4      | Reached skill level 1 in Invocations
  4008 | D:4      | Your scales start taking on a lurid green colour.
  4008 | D:4      | Reached XP level 7. HP: 30/50 MP: 1/12
  4008 | D:4      | Gained mutation: Your system is resistant to poisons.
                  | (rPois) [Green Draconian growth]
  4010 | D:4      | Found a sand-covered staircase.
  4252 | Ossuary  | Entered an ossuary
  5674 | D:5      | Entered Level 5 of the Dungeon
  5978 | D:5      | Reached skill level 5 in Air Magic
  6027 | D:5      | Reached XP level 8. HP: 35/57 MP: 11/14
  6072 | D:5      | Identified a scroll of acquirement
  6072 | D:5      | Acquired a staff of air
  7130 | D:5      | Learned a level 3 spell: Swiftness
  7135 | D:5      | Learned a level 4 spell: Airstrike
  7171 | D:5      | Reached *** piety under Fedhas
  7180 | D:5      | Found an ornate altar of the Wu Jian Council.
  7181 | D:5      | Found a radiant altar of Vehumet.
  7462 | D:6      | Reached skill level 5 in Conjurations
  7462 | D:6      | Reached skill level 1 in Evocations
  7675 | D:6      | Reached skill level 5 in Spellcasting
  8105 | D:6      | Reached XP level 9. HP: 35/62 MP: 16/16
  8279 | D:6      | Reached skill level 5 in Dodging
  8304 | D:6      | Reached skill level 6 in Air Magic
  8648 | D:7      | Found a staircase to the Ecumenical Temple.
  8675 | D:7      | Noticed an ice statue
  8690 | D:7      | Noticed flestrin's ghost (novice FoFi)
  8697 | D:7      | Noticed a boulder beetle
  8758 | D:7      | Found a runed translucent door.
  8759 | D:7      | Noticed Crazy Yiuf
  8766 | D:7      | Paralysed by Crazy Yiuf for 5 turns
  8771 | D:7      | HP: 3/61 [Crazy Yiuf (15)]
  8771 | D:7      | HP: 1/58 [Crazy Yiuf (2)]
  8931 | D:7      | Killed Crazy Yiuf
  8933 | D:7      | Noticed a troll
  9071 | D:7      | Noticed Harold
  9161 | D:7      | HP: 3/62 [Harold (8)]
  9162 | D:7      | Annihilated by Harold

Illustrated notes

Levels and vault maps discovered:
D:1:      sevenhm_arrival_forest_fort_small_4, layout_basic,
          shapermc_ecumenical_altar_pompeii, minmay_misc_feat_columns
D:2:      layout_basic, basic_altar, serial_shops, shop
D:3:      layout_basic, serial_bayou, serial_bayou_pond_e,
          serial_bayou_lagoon_a, serial_bayou_pond_c, serial_bayou_pond_b,
          hex_tiny, grunt_ministairs_11, mrwooster_statue_mirror,
          chequers_arboretum
D:4:      layout_gridville, nicolae_ossuary_entry_catacombs, serial_shops,
          nicolae_shop_overgrown_old_shop
D:5:      minmay_diamond_boxcup, layout_basic, mainiacjoe_overflow_divided_tiny
D:6:      layout_loops_corners
D:7:      layout_rooms, minmay_temple_entry_junction_2, nzn_ghost_randoct,
          uniq_crazy_yiuf_cottage, uniq_harold

Skill      XL: |  1  2  3  4  5  6  7  8  9 |
---------------+----------------------------+-----
Stealth        | 2 3 |  3.1
Dodging        | 2 3 4 5 |  5.1
Conjurations   | 2 3 4 5 |  5.4
Spellcasting   | 3 4 5 |  5.2
Air Magic      | 4 5 6 |  6.1
Invocations    | 1 3 4 |  4.9
Evocations     | 1 2 |  2.1

Action                   |  1- 3 |  4- 6 |  7- 9 || total
-------------------------+-------+-------+-------++-------
Melee: Short sword       |    10 |       |       ||    10
       Tailslap          |     1 |       |     4 ||     5
       Long sword        |       |     7 |    30 ||    37
       Staff             |       |       |    39 ||    39
 Cast: Shock             |    95 |   116 |   167 ||   378
       Static Discharge  |       |    18 |    63 ||    81
       Airstrike         |       |       |    13 ||    13
       Swiftness         |       |       |     2 ||     2
Invok: Wall of Briars    |       |     1 |     4 ||     5
       Grow Ballistomyce |       |       |     2 ||     2
 Abil: Breathe Noxious F |       |       |     8 ||     8
  Use: Scroll            |       |     7 |     9 ||    16
       Potion            |       |       |     3 ||     3
 Stab: Confused          |       |       |     1 ||     1
Armor: Skin              |     6 |     6 |    51 ||    63
Dodge: Dodged            |    16 |    31 |    91 ||   138

Table legend: (Time is in decaauts)
 A = Elapsed time spent in this place.
 B = Non-inter-level travel time spent in this place.
 C = Inter-level travel time spent in this place.
 D = Time resting spent in this place.
 E = Time spent auto-exploring this place.
 F = Levels seen in this place.
 G = Mean time per level.
                   A        B        C        D        E       F      G
               +--------+--------+--------+--------+--------+-----+--------+
         Total |   9210 |   9103 |    107 |   2923 |   3673 |   8 | 1151.2 |
       Dungeon |   9203 |   9096 |    107 |   2923 |   3673 |   7 | 1314.7 |
       Ossuary |      6 |      6 |      0 |      0 |      0 |   1 |    6.0 |
               +--------+--------+--------+--------+--------+-----+--------+

Top non-repeatable levels by time:
     D:4: 2477 daAuts
     D:1: 1320 daAuts
     D:3: 1317 daAuts
     D:5: 1234 daAuts
     D:6: 1205 daAuts
     D:2: 1126 daAuts
     D:7: 522 daAuts
 Ossuary: 6 daAuts
